 Dungeon Crawl Stone Soup version 0.28-a0-622-gbaef9634d7 (webtiles) character file.

Game seed: 3696264558186914753

1187 emenbfqeblb the Covert (level 8, -15/36 HPs)
             Began as a Spriggan Enchanter on Oct 7, 2021.
             Demolished by an ogre (25 damage)
             ... on level 4 of the Dungeon.
             The game lasted 00:12:57 (7538 turns).

emenbfqeblb the Covert (Spriggan Enchanter)         Turns: 7538, Time: 00:12:57

Health: -15/36     AC:  3    Str:  6    XL:     8   Next: 19%
Magic:  6/20       EV: 17    Int: 17    God:
Gold:   237        SH:  0    Dex: 15    Spells: 14/22 levels left

rFire   . . .      SeeInvis +   g - +2 dagger (elec)
rCold   . . .      Faith    .   (shield restricted)
rNeg    . . .      Spirit   .   b - +1 robe
rPois   +          Reflect  .   (helmet restricted)
rElec   .          Harm     .   (no cloak)
rCorr   .          Rampage  .   (gloves unavailable)
Will    +....                   (boots unavailable)
Stlth   ++++......              (no amulet)
HPRegen 0.12/turn               k - ring of poison resistance
MPRegen 0.17/turn               (no ring)

@: very quick
A: very small, no large weapons, unfitting armour, see invisible, speed 3,
antennae 1, hooves 1, screaming 1
a: no special abilities


You were on level 4 of the Dungeon.
You visited 1 branch of the dungeon, and saw 5 of its levels.

You collected 237 gold pieces.

Inventory:

Hand Weapons
 a - a +1 dagger
 g - a +2 dagger of electrocution (weapon)
Missiles
 h - 2 throwing nets (quivered)
Armour
 b - a +1 robe (worn)
Jewellery
 k - a ring of poison resistance (left hand)
Wands
 i - a wand of iceblast (2)
Potions
 c - a potion of invisibility
 d - a potion of attraction
 e - a potion of curing
 f - a potion of brilliance
 j - 2 potions of ambrosia
 l - a potion of lignification


   Skills:
 - Level 1.1 Short Blades
 - Level 2.6 Dodging
 + Level 8.7 Stealth
 + Level 7.7 Spellcasting
 + Level 8.1 Hexes


You had 14 spell levels left.
You knew the following spells:

 Your Spells              Type           Power      Damage    Failure   Level
a - Ensorcelled Hibernat  Hex/Ice        40%        N/A       3%          2
b - Tukima's Dance        Hex            34%        N/A       1%          3
c - Dazzling Flash        Conj/Hex       40%        N/A       6%          3

Your spell library contained the following spells:

 Spells                   Type           Power      Damage    Failure   Level
 Confusing Touch          Hex            34%        N/A       1%          3
 Scorch                   Fire           12%        2d5       16%         2
 Ignite Poison            Fire/Tmut/Pois 6%         N/A       32%         3
 Mephitic Cloud           Conj/Pois/Air  6%         N/A       32%         3
 Flame Wave               Conj/Fire      6%         3d4       71%         4
 Freezing Cloud           Conj/Ice/Air   3%         6-21      96%         5
 Summon Cactus Giant      Summ           3%         N/A       100%        6


Dungeon Overview and Level Annotations

Branches:
Dungeon (5/15)
 Temple: D:4-7

Altars:

Annotations:
D:5 3 runed translucent doors, Lymetel's ghost, novice TrMo; NoKap's ghost, novice DjGl


Innate Abilities, Weirdness & Mutations

You are very small and have problems with some larger weapons.
You are too small for most types of armour.
You have supernaturally acute eyesight. (SInv)
You cover ground extremely quickly. (Speed+++)
You have a pair of small antennae on your head.
You have large cloven feet.
You occasionally shout uncontrollably at your foes.


Message History

You hit the goblin. Lightning courses through the goblin!!
You kill the goblin!
You barely miss the goblin. You hit the ogre.
Lightning courses through the ogre! Your kick misses the ogre.
The ogre is severely wounded.
The goblin closely misses you.
The ogre hits you with a +0 giant club!!
Ouch! That really hurt!
* * * LOW HITPOINT WARNING * * *
The goblin closely misses you.
You feel better.
The ogre is no longer blind.
You hit the goblin.
You kill the goblin!
Casting: Dazzling Flash (dangerous; 6% risk of failure)
Confirm with . or Enter, or press ? or * to list all spells.
Aiming: Ensorcelled Hibernation (safe; 3% risk of failure)
Press: ? - help, Shift-Dir - straight line, f - ogre
Aim: an ogre, wielding a +0 giant club (severely wounded, chance to affect: 50%)
The ogre resists with some effort.
Casting: Ensorcelled Hibernation (safe; 3% risk of failure)
Confirm with . or Enter, or press ? or * to list all spells.
Aiming: Ensorcelled Hibernation (safe; 3% risk of failure)
Press: ? - help, Shift-Dir - straight line, f/p - ogre
Aim: an ogre, wielding a +0 giant club (severely wounded, chance to affect: 50%)
The ogre resists with some effort.
The goblin is no longer blind.
Casting: Ensorcelled Hibernation (safe; 3% risk of failure)
Confirm with . or Enter, or press ? or * to list all spells.
Aiming: Ensorcelled Hibernation (safe; 3% risk of failure)
Press: ? - help, Shift-Dir - straight line, f/p - ogre
Aim: an ogre, wielding a +0 giant club (severely wounded, chance to affect: 50%)
The ogre looks drowsy...
The ogre shouts!
The ogre closely misses you.
You hit the ogre.
The ogre is severely wounded.
The goblin closely misses you.
The ogre hits you with a +0 giant club!!
Ouch! That really hurt!
You die...

#########.....................≈.≈
#........................
#..........#####.......##
#..........# #.####.##
#..........# #.# #.# #..........#
#.# #.### #..........# ######....
#########..........######..(#....
........#.......@O....).).(.###.#
........#........g.....)#...# #.#
........#.....(.........##### #.#
........######...##......# #.#
........# #...##......# #.#
........# #...#<......# #.#
........# #...##......# #.#
........# #...##......# #.#
[.......# #...##......#### #.#


You could see an ogre and a goblin.

Vanquished Creatures
  A water moccasin (D:5)
  An orc warrior (D:5)
  A black bear (D:5)
  A necrophage (D:5)
  2 ogres (D:4)
  3 scorpions
  Jessica (D:3)
  2 orc wizards (D:4)
  A hound zombie (D:3)
  A hound skeleton (D:5)
  14 gnolls
  7 adders
  A shadow imp (D:5)
  2 ufetubi
  2 worms (D:2)
  5 dart slugs
  14 orcs
  5 ball pythons
  8 endoplasms
  4 giant cockroaches
  15 goblins
  7 hobgoblins
  2 quokkas
  8 bats
  3 frilled lizards
  6 kobolds
  5 rats
122 creatures vanquished.

Vanquished Creatures (collateral kills)
  2 gnolls (D:3)
2 creatures vanquished.

Vanquished Creatures (others)
  2 dancing weapons
2 creatures vanquished.

Grand Total: 126 creatures vanquished

Notes
Turn   | Place    | Note
-------+----------+-------------------------------------------
     0 | D:1      | emenbfqeblb the Spriggan Enchanter began the quest for the
                  | Orb.
     0 | D:1      | Reached XP level 1. HP: 9/9 MP: 5/5
   404 | D:1      | Reached XP level 2. HP: 13/13 MP: 7/7
   407 | D:1      | Learned a level 2 spell: Ensorcelled Hibernation
   778 | D:1      | Found a faded altar of an unknown god.
  1692 | D:1      | Reached XP level 3. HP: 16/16 MP: 9/9
  2460 | D:2      | Reached XP level 4. HP: 21/21 MP: 11/11
  2493 | D:2      | Reached skill level 5 in Hexes
  2853 | D:1      | Learned a level 3 spell: Tukima's Dance
  2857 | D:1      | Learned a level 3 spell: Dazzling Flash
  3623 | D:2      | Reached XP level 5. HP: 20/24 MP: 13/13
  3680 | D:2      | Reached skill level 5 in Spellcasting
  4332 | D:3      | You fall into a shaft and drop 2 floors!
  4332 | D:5      | Entered Level 5 of the Dungeon
  4332 | D:5      | Noticed NoKap's ghost (novice DjGl)
  4332 | D:5      | Noticed Lymetel's ghost (novice TrMo)
  4332 | D:5      | Found a runed translucent gate.
  4332 | D:5      | Found a runed translucent gate.
  4332 | D:5      | Found a runed translucent gate.
  4358 | D:5      | Noticed an orc warrior
  4368 | D:5      | Reached skill level 5 in Stealth
  4424 | D:5      | Killed an orc warrior
  4425 | D:5      | Reached XP level 6. HP: 16/28 MP: 8/15
  4915 | D:5      | Noticed a water moccasin
  4922 | D:5      | Killed a water moccasin
  4923 | D:5      | Reached XP level 7. HP: 32/32 MP: 14/17
  5058 | D:5      | Gained mutation: You have large cloven feet. [potion of
                  | mutation]
  5058 | D:5      | Gained mutation: You occasionally shout uncontrollably at
                  | your foes. [potion of mutation]
  5058 | D:5      | Gained mutation: You have a pair of small antennae on your
                  | head. [potion of mutation]
  5930 | D:3      | Noticed Jessica
  5943 | D:3      | Killed Jessica
  7227 | D:4      | Reached XP level 8. HP: 36/36 MP: 17/20
  7538 | D:4      | Demolished by an ogre

Illustrated notes

Levels and vault maps discovered:
D:1:      ncdulo_halloftheorcs, layout_loops_ring,
          chequers_ecumenical_altar_simple_redux
D:2:      layout_loops_ring
D:3:      layout_basic, grunt_ministairs_3, grunt_decor_cap, uniq_jessica
D:4:      layout_basic, kennysheep_orc_sif_temple, minmay_strange_pillars,
          dk_vineyard_3, chequers_decorated_corner, hangedman_decor_points,
          minmay_ogre_servants
D:5:      layout_loops_ring, gammafunk_ghost_cemetery, kennysheep_another_room,
          item_on_display_a

Skill      XL: |  1  2  3  4  5  6  7  8 |
---------------+-------------------------+-----
Spellcasting   | 3 4 5 6 7 |  7.7
Hexes          | 4 5 6 7 8 |  8.1
Stealth        | 5 6 8 |  8.7
Short Blades   | |  1.1
Dodging        | |  2.6

Action                   |  1- 3 |  4- 6 |  7- 9 || total
-------------------------+-------+-------+-------++-------
Melee: Dagger            |   129 |   107 |   149 ||   385
       Kick              |       |       |    16 ||    16
 Cast: Ensorcelled Hiber |    14 |    17 |    10 ||    41
       Tukima's Dance    |       |     6 |     5 ||    11
       Dazzling Flash    |       |     1 |     4 ||     5
Evoke: Wand              |       |     2 |     3 ||     5
  Use: Scroll            |     1 |     3 |     6 ||    10
       Potion            |       |     1 |     2 ||     3
 Stab: Sleeping          |    21 |    14 |     9 ||    44
       Distracted        |       |     1 |       ||     1
       Invisible         |       |       |     1 ||     1
Armor: Robe              |    12 |     7 |    19 ||    38
Dodge: Dodged            |    83 |    97 |    97 ||   277

Table legend: (Time is in decaauts)
 A = Elapsed time spent in this place.
 B = Non-inter-level travel time spent in this place.
 C = Inter-level travel time spent in this place.
 D = Time resting spent in this place.
 E = Time spent auto-exploring this place.
 F = Levels seen in this place.
 G = Mean time per level.
                   A        B        C        D        E       F      G
               +--------+--------+--------+--------+--------+-----+--------+
         Total |   6177 |   6081 |     96 |    860 |   4196 |   5 | 1235.4 |
       Dungeon |   6177 |   6081 |     96 |    860 |   4196 |   5 | 1235.4 |
               +--------+--------+--------+--------+--------+-----+--------+

Top non-repeatable levels by time:
     D:1: 1717 daAuts
     D:3: 1484 daAuts
     D:2: 1391 daAuts
     D:4: 906 daAuts
     D:5: 677 daAuts
